AoeStats
← zicolone

Arena

508744009Analyzed
1v1 RM · 9d ago on Sep 23, 2026· 39m 13s· 2 players
Game mode
Random Map
Map size
Tiny (2 player)
Population
200
Speed
Normal
Resources
Standard
Victory
Conquest
Starting age
Dark Age
Ending age
Imperial Age
RankedLock teamsTeams togetherTeam positionsShared explorationLock speedFull tech treeHidden civsTurbo modeCheats
Victory
Defeat
🇩🇪 Cumans · Germany
1094
+18
🇺🇸 Tatars · United States
1138
-18
zicolone
9:35 Feudal Age
10:33 Double-Bit Axe
11:43 Horse Collar
19:58 Castle Age
17:50 Loom
18:36 Bloodlines
19:09 Scale Barding Armor
19:32 Gold Mining
20:12 Forging
25:34 Iron Casting
25:20 Chain Barding Armor
25:36 Bow Saw
27:30 Devotion
29:32 Wheelbarrow
28:44 Town Watch
34:00 Imperial Age
32:42 Heavy Plow
32:23 Capped Ram
34:16 Cavalier
35:15 Light Cavalry
36:39 Plate Barding Armor
37:05 Blast Furnace
38:10 Fletching
39:12 Conscription
39:04 Hussar
abhi120
8:01 Loom
9:54 Feudal Age
10:35 Double-Bit Axe
10:39 Horse Collar
13:57 Loom
17:35 Castle Age
15:40 Man-at-Arms
17:02 Scale Mail Armor
18:37 Bow Saw
22:58 Wheelbarrow
22:11 Town Watch
29:23 Scale Barding Armor
31:57 Chain Barding Armor
35:07 Imperial Age
33:47 Fletching
36:36 Conscription
36:27 Timurid Siegecraft
35:50 Pikeman
37:45 Bloodlines
38:02 Guilds
38:37 Bodkin Arrow
39:08 Masonry
Connection lost

Rejoining the realm…

Still unreachable

The connection could not be restored.

Session expired

The server has moved on; the page needs a fresh start.